 Dungeon Crawl Stone Soup version 0.27-a0-695-gb4952372f7 (webtiles) character file.

Game seed: 374031914565135182

5519 rednaxela the Carver (level 10, -1/70 HPs)
             Began as a Mummy Necromancer on Mar 21, 2021.
             Was a Follower of Uskayaw.
             Slain by an orc warrior
             ... wielding a +1 short sword of flaming
              (13 damage)
             ... on level 10 of the Dungeon.
             The game lasted 00:52:52 (11757 turns).

rednaxela the Carver (Mummy Necromancer)           Turns: 11757, Time: 00:52:52

Health: -1/70      AC:  8    Str: 21    XL:     10   Next: 43%
Magic:  17/17      EV: 12    Int: 14    God:    Uskayaw [*.....]
Gold:   2286       SH:  0    Dex: 19    Spells: 16/19 levels left

rFire    x . .     SeeInvis .   n - +2 great sword (flame)
rCold    + . .     Faith    .   (shield currently unavailable)
rNeg     + + +     Spirit   .   A - +0 acid dragon scales
rPois    ∞         Reflect  .   u - +0 helmet
rElec    .         Harm     .   (no cloak)
rCorr    +         Rampage  .   (no gloves)
Will     +....                  m - +0 pair of boots
Stlth    ++........             i - amulet of regeneration
HPRegen  1.21/turn              e - +6 ring of strength
MPRegen  0.15/turn              p - +6 ring of dexterity

@: no status effects
A: cold resistance 1, negative energy resistance 3, torment resistance 2,
unbreathing 1, heat vulnerability 1, no potions
a: Renounce Religion, Stomp


You were on level 10 of the Dungeon.
You worshipped Uskayaw.
Uskayaw was noncommittal.
You visited 2 branches of the dungeon, and saw 12 of its levels.
You also visited: Ossuary.

You collected 2380 gold pieces.
You spent 94 gold pieces at shops.

Inventory:

Hand Weapons
 a - a +0 long sword
   (You bought it in a shop on level 6 of the Dungeon)
 b - a +2 shortbow of freezing
   (You took it off a centaur on level 7 of the Dungeon)
 n - a +2 great sword of flaming (weapon)
   (You acquired it on level 8 of the Dungeon)
 q - a +0 falchion
   (You took it off an orc on level 4 of the Dungeon)
 z - a +4 short sword of speed
   (You took it off an orc on level 4 of the Dungeon)
Missiles
 j - 216 arrows
 x - 13 boomerangs
Armour
 m - a +0 pair of boots (worn)
   (You found it on level 3 of the Dungeon)
 u - a +0 helmet (worn)
   (You found it on level 6 of the Dungeon)
 A - +0 acid dragon scales (worn)
   (You found it on level 10 of the Dungeon)
Jewellery
 e - a +6 ring of strength (right hand)
   (You found it on level 1 of the Dungeon)
 i - an amulet of regeneration (around neck)
   (You found it on level 2 of the Dungeon)
 p - a +6 ring of dexterity (left hand)
   (You found it on level 4 of the Dungeon)
 v - a ring of flight
   (You found it on level 6 of the Dungeon)
Wands
 h - a wand of acid (4) {@v1}
   (You found it on level 10 of the Dungeon)
 w - a wand of flame (7) {@v4}
   (You found it on level 6 of the Dungeon)
Scrolls
 c - 5 scrolls of amnesia
 d - 2 scrolls of silence
 f - 2 scrolls of enchant weapon
 g - 3 scrolls of teleportation {@r3 !r}
 k - 2 scrolls of magic mapping {@r5 !r}
 o - 3 scrolls of holy word
 r - a scroll of blinking {@r4}
 t - a scroll of fear {!r}
 y - a scroll of vulnerability
Miscellaneous
 s - a lightning rod (4/4)
   (You found it on level 10 of the Dungeon)


   Skills:
 - Level 3.2 Fighting
 + Level 12.1 Long Blades
 - Level 1.5 Dodging
 - Level 1.5 Stealth
 - Level 5.1 Spellcasting
 - Level 4.0 Necromancy


You had 16 spell levels left.
You knew the following spells:

 Your Spells              Type           Power      Damage    Failure   Level
a - Pain                  Necr           56%        1d6       4%          1
t - Blink                 Tloc           N/A        N/A       32%         2

Your spell library contained the following spells:

 Spells                   Type           Power      Damage    Failure   Level
 Animate Skeleton         Necr           28%        N/A       4%          1
 Vampiric Draining        Necr           7%         2d7       13%         3
 Magic Dart               Conj           12%        1d3       22%         1
 Summon Small Mammal      Summ           12%        N/A       22%         1
 Call Imp                 Summ           3%         N/A       32%         2
 Slow                     Hex            3%         N/A       32%         2
 Animate Dead             Necr           7%         N/A       38%         4
 Call Canine Familiar     Summ           3%         N/A       54%         3
 Conjure Flame            Conj/Fire      3%         6-21      54%         3
 Mephitic Cloud           Conj/Pois/Air  3%         N/A       54%         3
 Summon Guardian Golem    Hex/Summ       3%         N/A       54%         3
 Agony                    Necr           14%        N/A       75%         5
 Cause Fear               Hex            1%         N/A       91%         4
 Summon Ice Beast         Ice/Summ       3%         N/A       91%         4
 Summon Lightning Spire   Summ/Air       3%         N/A       91%         4
 Silence                  Hex/Air        1%         N/A       99%         5
 Yara's Violent Unravell  Hex/Tmut       1%         3d3       99%         5
 Discord                  Hex            1%         N/A       100%        8


Dungeon Overview and Level Annotations

Branches:
Dungeon (11/15)            Temple (1/1) D:5            Lair (0/6) D:8
    Orc (0/2) D:9         Ossuary (visited)

Altars:
Ashenzari
Cheibriados
Dithmenos
Elyvilon
Fedhas
Gozag
Hepliaklqana
Kikubaaqudgha
Makhleb
Nemelex Xobeh
Okawaru
Qazlal
Ru
Sif Muna
Trog
Uskayaw
Vehumet
Wu Jian
Xom
Yredelemnul
Zin
The Shining One
Beogh

Shops:
D:6 (

Annotations:
D:6 3 runed translucent doors, jasper's ghost, novice VSTm
D:7 !twoheaded ogre, Harold
D:10 Snorg


Innate Abilities, Weirdness & Mutations

You are immune to poison.
Your flesh is cold resistant. (rC+)
You are immune to negative energy. (rN+++)
You are immune to unholy pain and torment.
You can survive without breathing.
You are vulnerable to heat. (rF-)
You do not drink.


Message History

The killer bee barely misses you. The killer bee closely misses you.
The killer bee stings you but does no damage.
You barely miss the killer bee.
The killer bee is moderately wounded.
The killer bee closely misses you. The killer bee misses you.
The killer bee stings you but does no damage.
The killer bee completely misses you. x2; You riposte.
You miss the killer bee.
The killer bee is moderately wounded.
You closely miss the killer bee.
The killer bee is moderately wounded.
The killer bee closely misses you. The killer bee stings you. x3
You slash the killer bee! You burn the killer bee.
You kill the killer bee!
The killer bee barely misses you.
You riposte.
You slice the killer bee!! You burn the killer bee!
You kill the killer bee!
The killer bee stings you but does no damage. x2
Uskayaw will force your foes to helplessly watch your dance.
Uskayaw prepares the audience for your solo!
The helpless killer bee fails to defend itself.
You slash the killer bee! You burn the killer bee!
You kill the killer bee!
The helpless killer bee fails to defend itself.
You slash the killer bee! You burn the killer bee.
You kill the killer bee!
Uskayaw will force your foes to share their pain.
You start resting.
You can no longer pass through a line of other dancers.
HP restored.
There is a stone staircase leading up here.
Things that are here:
a killer bee corpse; a killer bee corpse; a killer bee corpse You open the door.
An orc and an orc priest come into view.
The orc shouts!
You hear a shout! x3
An orc comes into view.
Found a scroll of immolation.
There is an open door here.
You start waiting.
There are monsters nearby!
You slash the orc! You burn the orc.
You kill the orc!
No target in range!
The orc hits you but does no damage. The orc priest closely misses you.
There is an open door here.
Things that are here:
a +0 mace; an orc corpse You slash the orc priest!
You burn the orc priest.
The orc priest is heavily wounded.
The orc closely misses you.
You riposte.
You barely miss the orc.
The orc priest hits you with a +0 dagger.
You slice the orc priest!! You burn the orc priest.
You kill the orc priest!
The orc closely misses you.
You can now pass through a line of other dancers.
You slash the orc! You burn the orc.
You kill the orc!
No target in view!
An orc warrior comes into view.
It is wielding a +1 short sword of flaming.
The orc warrior shouts!
You hear a shout!
You see here a +0 leather armour.
An orc warrior is nearby!
An orc comes into view. It is wielding a +0 club.
The orc warrior hits you but does no damage.
You hit the orc warrior but do no damage.
The orc warrior barely misses you.
You can no longer pass through a line of other dancers.
You slash the orc warrior! You burn the orc warrior.
The orc warrior is heavily wounded.
The orc warrior hits you with a +1 short sword of flaming.
The orc warrior burns you.
The orc warrior hits you with a +1 short sword of flaming!
The orc warrior burns you.
You can now pass through a line of other dancers.
You closely miss the orc warrior.
The orc warrior is heavily wounded.
The orc warrior hits you with a +1 short sword of flaming!
* * * LOW HITPOINT WARNING * * *
The orc warrior burns you!
* * * LOW HITPOINT WARNING * * *
You see here a +0 leather armour.
There is an open door here.
Things that are here:
a +0 mace; an orc corpse You can no longer pass through a line of other dancers.
The orc warrior hits you with a +1 short sword of flaming!
* * * LOW HITPOINT WARNING * * *
The orc warrior burns you.
* * * LOW HITPOINT WARNING * * *
Press: ? - help, v - describe, . - travel
Here: an orc warrior, wielding a +1 short sword of flaming and wearing a +0 plate armour (heavily wounded)
The floor.
There is an open door here.
The gargoyle hurls a stone arrow at you.
The stone arrow hits you!!
* * * LOW HITPOINT WARNING * * *
The orc warrior hits you with a +1 short sword of flaming!!
* * * LOW HITPOINT WARNING * * *
The orc warrior burns you!
You die...

####### #.....# #.....# #
#.....####### ####
#†.....@....############
...#######.######o9<.............
.........††# #................
...........# #..o.............
##.........# #...T............
.#.........######....>...........
...#..........(..................
..##.............................
.###.....##############'##.......


You could see Snorg, an orc warrior, a gargoyle and an orc.

Vanquished Creatures
  An ugly thing (D:10)
  A meliai (shapeshifter) (D:10)
  A troll (D:9)
  An acid dragon (D:10)
  3 wargs
  A soldier ant (D:6)
  A water moccasin (D:8)
  2 sky beasts
  2 black bears
  A hornet zombie (D:8)
  An orc warrior (D:8)
  An ice beast (D:4)
  4 centaurs
  3 ogres
  A necrophage (D:9)
  A phantom (D:6)
  4 bullfrogs
  A water moccasin skeleton (D:8)
  7 scorpions
  6 killer bees (D:10)
  3 wights (D:9)
  3 howler monkeys (D:8)
  3 centaur zombies
  4 jellies
  2 bullfrog skeletons
  3 bullfrog zombies
  3 hounds
  9 orc priests
  2 human zombies (Ossuary)
  An iron imp (D:8)
  An iguana (D:6)
  8 orc wizards
  7 worker ants
  A hound zombie (D:7)
  A hound skeleton (D:4)
  3 mummies (Ossuary)
  A howler monkey zombie (D:9)
  3 worker ant zombies
  A scorpion zombie (Ossuary)
  10 adders
  2 white imps
  An ufetubus (D:7)
  An ooze (D:1)
  2 adder skeletons
  An adder zombie (D:8)
  A worm (D:2)
  A dart slug (D:1)
  3 leopard geckos
  34 orcs
  A ball python (D:1)
  6 giant cockroaches
  3 gnoll zombies (Ossuary)
  8 goblins
  7 hobgoblins
  5 jackals
  3 quokkas
  10 bats
  8 frilled lizards
  3 goblin zombies (Ossuary)
  A hobgoblin zombie (Ossuary)
  5 kobolds
  2 kobold zombies (Ossuary)
  A leopard gecko skeleton (D:8)
  A leopard gecko zombie (D:7)
  4 orc zombies (Ossuary)
  7 rats
233 creatures vanquished.

Vanquished Creatures (others)
  A scorpion (Ossuary)
  An orc wizard (D:4)
  A goblin zombie (Ossuary)
  A rat (D:1)
4 creatures vanquished.

Grand Total: 237 creatures vanquished

Notes
Turn   | Place    | Note
-------+----------+-------------------------------------------
     0 | D:1      | rednaxela the Mummy Necromancer began the quest for the
                  | Orb.
     0 | D:1      | Reached XP level 1. HP: 13/13 MP: 4/4
    89 | D:1      | Reached skill level 3 in Spellcasting
   302 | D:1      | Reached XP level 2. HP: 19/19 MP: 1/6
   448 | D:1      | Reached skill level 4 in Spellcasting
   493 | D:1      | Learned a level 2 spell: Blink
   832 | D:1      | Reached XP level 3. HP: 24/24 MP: 4/8
  1345 | D:2      | Reached skill level 5 in Spellcasting
  1689 | D:2      | Found a burning altar of Makhleb.
  1837 | D:2      | Noticed a balrug
  1841 | D:2      | Noticed a ynoxinul
  1841 | D:2      | Noticed a ynoxinul
  1965 | D:2      | Reached skill level 1 in Fighting
  1965 | D:2      | Reached XP level 4. HP: 32/32 MP: 6/11
  2265 | D:3      | Found a faded altar of an unknown god.
  2366 | D:3      | Found a blossoming altar of Fedhas.
  2957 | D:3      | Reached skill level 2 in Fighting
  3109 | D:3      | Found a shimmering altar of Xom.
  3491 | D:4      | Reached skill level 3 in Fighting
  3491 | D:4      | Reached XP level 5. HP: 41/41 MP: 6/12
  3534 | D:4      | Noticed a phantom
  3548 | D:4      | Noticed an ogre
  3918 | D:5      | Entered Level 5 of the Dungeon
  4294 | D:4      | Noticed an ogre
  4529 | D:4      | Killed an ogre
  4530 | D:4      | Reached skill level 2 in Long Blades
  4693 | D:4      | Reached XP level 6. HP: 47/47 MP: 7/13
  4858 | D:4      | Found a shimmering blue altar of Sif Muna.
  5161 | D:5      | Reached skill level 3 in Long Blades
  5197 | D:5      | Noticed an ice beast
  5294 | D:5      | Found a staircase to the Ecumenical Temple.
  5308 | Temple   | Entered the Ecumenical Temple
  5402 | Temple   | Became a worshipper of Uskayaw the Reveller
  5423 | D:5      | Reached * piety under Uskayaw
  5455 | D:5      | Found a stormy altar of Qazlal.
  5513 | D:5      | Found a burning altar of Makhleb.
  5593 | D:5      | Reached ** piety under Uskayaw
  5736 | D:4      | Reached skill level 4 in Long Blades
  6028 | D:6      | Found a runed translucent gate.
  6029 | D:6      | Found a runed translucent gate.
  6030 | D:6      | Found a runed translucent gate.
  6075 | D:6      | Found a sand-covered staircase.
  6084 | Ossuary  | Entered an ossuary
  6101 | Ossuary  | Reached XP level 7. HP: 48/52 MP: 14/14
  6246 | Ossuary  | Reached skill level 5 in Long Blades
  6329 | Ossuary  | Reached *** piety under Uskayaw
  6346 | Ossuary  | Reached **** piety under Uskayaw
  6569 | D:7      | Reached skill level 6 in Long Blades
  6627 | D:6      | Found Roret's Antique Weapon Emporium.
  6697 | D:6      | Noticed a troll
  6702 | D:6      | a troll changed into a soldier ant
  6721 | D:6      | Reached XP level 8. HP: 50/58 MP: 15/15
  6877 | D:6      | Found a sacrificial altar of Ru.
  6906 | D:6      | Noticed jasper's ghost (novice VSTm)
  7040 | D:4      | Reached skill level 7 in Long Blades
  7631 | D:7      | Found a shadowy altar of Dithmenos.
  7811 | D:7      | Reached skill level 8 in Long Blades
  8166 | D:7      | Noticed Harold
  8263 | D:7      | Found a basalt altar of Yredelemnul.
  8263 | D:7      | Found an opulent altar of Gozag.
  8613 | D:7      | Upgraded the game from 0.27-a0-686-gaed091b46b to
                  | 0.27-a0-695-gb4952372f7
  8833 | D:9      | Found a sacrificial altar of Ru.
  8842 | D:8      | Reached XP level 9. HP: 60/64 MP: 16/16
  8897 | D:8      | Noticed a two-headed ogre
  9200 | D:7      | Reached skill level 9 in Long Blades
  9294 | D:6      | Bought a long sword for 94 gold pieces
  9800 | D:8      | Found a staircase to the Lair.
  9861 | D:8      | Reached skill level 10 in Long Blades
  9999 | D:8      | Found a snail-covered altar of Cheibriados.
 10372 | D:9      | Identified 3 scrolls of acquirement
 10396 | D:8      | Acquired 983 gold pieces
 10398 | D:8      | Acquired 789 gold pieces
 10400 | D:8      | Acquired a +2 great sword of flaming
 10489 | D:9      | Found a staircase to the Orcish Mines.
 10506 | D:10     | Entered Level 10 of the Dungeon
 10581 | D:9      | Noticed a troll
 10594 | D:9      | Reached skill level 11 in Long Blades
 10597 | D:9      | Killed a troll
 10605 | D:9      | Reached ***** piety under Uskayaw
 10606 | D:9      | Reached XP level 10. HP: 59/70 MP: 17/17
 11162 | D:10     | Noticed a gargoyle
 11177 | D:10     | HP: 3/70 [gargoyle/+0 mace (16)]
 11468 | D:10     | Noticed a white ugly thing
 11473 | D:10     | Killed a white ugly thing
 11522 | D:10     | Noticed Snorg
 11652 | D:10     | Reached skill level 12 in Long Blades
 11757 | D:10     | Slain by an orc warrior

Illustrated notes

Levels and vault maps discovered:
D:1:      eino_arrival_water_cross, layout_basic, lemuel_old_faithful
D:2:      layout_loops_ring, makhleb_altar_promises_db
D:3:      layout_basic, tgw_xom, chequers_ecumenical_altar_simple_redux,
          fedhas_altar_fruit_tree
D:4:      layout_basic, tgw_sif, minmay_misc_feat_secret_circle
D:5:      layout_basic, lemuel_doored_altar, lemuel_round_altar,
          minmay_temple_entry_statues_pillars
D:6:      kennysheep_big_flooded_room, layout_loops_ring,
          nicolae_ru_path_of_blood, nicolae_ossuary_entry_monument,
          serial_shops, shop, gammafunk_ghost_icy, hangedman_decor_lopped,
          minmay_fractal_squares_gapless_5
D:7:      layout_loops_corners, gammafunk_temple_overflow_wave,
          nicolae_dithmenos_shadow_blocks, uniq_harold
D:8:      layout_loops_cross, slow_altar_2, erik_lair_orcish_takeover
D:9:      layout_cave_pools, minmay_orc_entry_temple_small,
          amcnicky_altar_gilded
D:10:     layout_irregular_city, kb_rosetta, uniq_snorg
D:11:     layout_cave_pools, hex_large, serial_bayou_ford_a,
          grunt_ministairs_10, minmay_shop_mass, nicolae_water_bricks
Temple:   eino_temple_lava

Skill      XL: |  1  2  3  4  5  6  7  8  9 10 |
---------------+-------------------------------+-----
Spellcasting   | 3 4 5 |  5.1
Fighting       | 1 3 |  3.2
Long Blades    | 2 4 6 8 11 12 | 12.1
Dodging        | |  1.5
Stealth        | |  1.5
Necromancy     | |  4.0

Action                   |  1- 3 |  4- 6 |  7- 9 | 10-12 || total
-------------------------+-------+-------+-------+-------++-------
Melee: Club              |     5 |       |       |       ||     5
       Short sword       |       |    50 |   345 |       ||   395
       Falchion          |       |    30 |       |       ||    30
       Long sword        |       |       |   159 |       ||   159
       Great sword       |       |       |    42 |    73 ||   115
 Fire: Shortbow          |       |       |     3 |       ||     3
 Cast: Pain              |    80 |   102 |    15 |       ||   197
       Blink             |       |     2 |       |     3 ||     5
Invok: Stomp             |       |       |     3 |       ||     3
Evoke: Wand              |       |       |    10 |       ||    10
  Use: Scroll            |       |     8 |    10 |     2 ||    20
 Stab: Paralysed         |       |       |    14 |     2 ||    16
       Sleeping          |       |       |     3 |     1 ||     4
       Distracted        |       |       |     1 |       ||     1
Armor: Ring mail         |     6 |    28 |    74 |     6 ||   114
       Plate armour      |       |       |   113 |    10 ||   123
       Acid dragon scale |       |       |       |    18 ||    18
Dodge: Dodged            |    19 |    49 |   155 |    60 ||   283
       Rpst.: Falchion   |       |     8 |       |       ||     8
       Long sword        |       |       |    18 |       ||    18
       Great sword       |       |       |     4 |    21 ||    25

Table legend: (Time is in decaauts)
 A = Elapsed time spent in this place.
 B = Non-inter-level travel time spent in this place.
 C = Inter-level travel time spent in this place.
 D = Time resting spent in this place.
 E = Time spent auto-exploring this place.
 F = Levels seen in this place.
 G = Mean time per level.
                   A        B        C        D        E       F      G
               +--------+--------+--------+--------+--------+-----+--------+
         Total |  11649 |  10818 |    831 |    483 |   6717 |  13 |  896.1 |
       Dungeon |  11152 |  10321 |    831 |    471 |   6599 |  11 | 1013.8 |
        Temple |    103 |    103 |      0 |      0 |     80 |   1 |  103.0 |
       Ossuary |    393 |    393 |      0 |     12 |     38 |   1 |  393.0 |
               +--------+--------+--------+--------+--------+-----+--------+

Top non-repeatable levels by time:
     D:4: 1701 daAuts
     D:7: 1547 daAuts
     D:3: 1496 daAuts
     D:6: 1047 daAuts
     D:8: 1045 daAuts
     D:1: 1004 daAuts
     D:2: 996 daAuts
     D:5: 821 daAuts
    D:10: 774 daAuts
     D:9: 706 daAuts
 Ossuary: 393 daAuts
  Temple: 103 daAuts
    D:11: 10 daAuts
